 Dungeon Crawl Stone Soup version 0.24-a0-497-g5a03d68f59 (webtiles) character file.

Game seed: 8758179531269487257

84 KristoblXynda the Slasher (level 4, 0/63 HPs)
             Began as a Naga Berserker on July 13, 2019.
             Was a Believer of Trog.
             Slain by a gnoll
             ... wielding a +0 halberd
              (8 damage)
             ... on level 3 of the Dungeon.
             The game lasted 00:02:36 (2278 turns).

KristoblXynda the Slasher (Naga Berserker)          Turns: 2278, Time: 00:02:36

Health: 0/63       AC:  6    Str: 24    XL:     4   Next: 45%
Magic:  4/4        EV:  9    Int:  9    God:    Trog [**....]
Gold:   97         SH:  0    Dex: 10    Spells: 3/3 levels left

rFire    . . .     SeeInvis +   a - +0 falchion
rCold    . . .     Gourm    .   (no shield)
rNeg     . . .     Faith    .   g - +0 ring mail
rPois    +         Spirit   .   k - +1 helmet
rElec    .         Reflect  .   (no cloak)
rCorr    +         Harm     .   (no gloves)
MR       ++...                  (no barding)
Stlth    ..........             (no amulet)
HPRegen  1.20/turn              b - ring of resist corrosion
MPRegen  0.09/turn              (no ring)

@: berserking (expiring), regenerating, quick
A: large, see invisible, deformed body, poison resistance, slowness 2, slow
metabolism 1, spit poison 1, AC +1
a: Spit Poison, Berserk, Trog's Hand, Renounce Religion


You were on level 3 of the Dungeon.
You worshipped Trog.
Trog was pleased with you.
You were very hungry.

You visited 1 branch of the dungeon, and saw 3 of its levels.

You collected 97 gold pieces.

Inventory:

Hand Weapons
 a - a +0 falchion (weapon)
Armour
 g - a +0 ring mail (worn)
 k - a +1 helmet (worn)
Jewellery
 b - a ring of resist corrosion (left hand)
Scrolls
 d - a scroll of enchant armour
 e - a scroll of blinking {unknown}
 j - a scroll of identify {unknown}
Potions
 f - a potion of berserk rage {unknown}
 h - a potion of might {unknown}
 l - 2 potions of brilliance {unknown}
Comestibles
 c - 5 rations


   Skills:
 - Level 3.0 Fighting
 * Level 4.2 Long Blades
 + Level 2.2 Armour
 - Level 2.0 Dodging
 + Level 1.3 Stealth


You had 3 spell levels left.
You didn't know any spells.
Your spell library was empty.

Dungeon Overview and Level Annotations

Branches:
Dungeon (3/15)

Altars:


Innate Abilities, Weirdness & Mutations

You cannot wear boots.
Your serpentine skin is tough. (AC +1)
You have supernaturally acute eyesight. (SInv)
Armour fits poorly on your strangely shaped body.
Your system is resistant to poisons. (rPois)
You cover ground very slowly.
You have a slow metabolism.
You can spit poison.


Message History

You hit the gnoll.
The gnoll is heavily wounded.
The gnoll hits you. The gnoll barely misses you.
You closely miss the gnoll.
The gnoll is heavily wounded.
The gnoll hits you.
The gnoll hits you from afar with a +0 halberd!
You hit the gnoll.
The gnoll is severely wounded.
The gnoll closely misses you.
You slash the gnoll!
You kill the gnoll!
Trog accepts your kill.
The gnoll hits you from afar with a +0 halberd!
* * * LOW HITPOINT WARNING * * *
You closely miss the gnoll. The gnoll hits you with a +0 flail!
* * * LOW HITPOINT WARNING * * *
You barely miss the gnoll.
The gnoll hits you from afar with a +0 halberd!
You die...

##..########..
#.........<.#
#.#########.. ##'## #..
##...## #.. ##.....##
##.. # # ##.......# #...
#...#g##.........####...
.....gg@.........+......
....#.##.........####...
# # ##.......## #...
##.....## #..# ##...##
#..# #+## #..< ##.# #.
#.


You could see 3 gnolls.

Vanquished Creatures
  Robin (D:2)
  A gnoll (D:3)
  An adder (D:2)
  2 worms (D:2)
  A dart slug (D:2)
  A leopard gecko (D:2)
  2 bats (D:2)
  A giant cockroach (D:3)
  9 goblins
  5 hobgoblins (D:2)
  7 jackals (D:1)
  A quokka (D:2)
  5 frilled lizards
  4 kobolds
  4 rats
45 creatures vanquished.

Vanquished Creatures (others)
  A goblin (D:2)
1 creature vanquished.

Grand Total: 46 creatures vanquished

Notes
Turn   | Place    | Note
-------+----------+-------------------------------------------
     0 | D:1      | KristoblXynda the Naga Berserker began the quest for the
                  | Orb.
     0 | D:1      | Reached XP level 1. HP: 21/21 MP: 1/1
    12 | D:1      | Reached XP level 2. HP: 15/28 MP: 2/2
  1026 | D:2      | Reached XP level 3. HP: 20/34 MP: 3/3
  1681 | D:2      | Noticed Robin
  1688 | D:2      | Reached ** piety under Trog
  1688 | D:2      | Reached skill level 4 in Long Blades
  1695 | D:2      | Killed Robin
  1695 | D:2      | Reached XP level 4. HP: 23/42 MP: 4/4
  1700 | D:2      | Reached skill level 1 in Stealth
  2278 | D:3      | Slain by a gnoll

Levels and vault maps discovered:
D:1:      scummos_arrival_star, layout_basic, serial_glass, glass_columns_b,
          glass_columns_c, minivault_27
D:2:      layout_loops_ring, uniq_robin
D:3:      layout_loops_corners, eat_drink_and_be_merry_uskayaw

Skill      XL: |  1  2  3  4 |
---------------+-------------+-----
Armour         | 2 |  2.2
Dodging        | 2 |  2.0
Long Blades    | 4 |  4.2
Stealth        | 1 |  1.3
Fighting       | |  3.0

Action                   |  1- 3 |  4- 6 || total
-------------------------+-------+-------++-------
Melee: Falchion          |   110 |    37 ||   147
Invok: Berserk           |     1 |     1 ||     2
       Trog's Hand       |       |     1 ||     1
 Abil: Spit Poison       |     1 |       ||     1
  Use: Scroll            |       |     1 ||     1
  Eat: Chunk             |     3 |     1 ||     4
Armor: Animal skin       |     2 |       ||     2
       Ring mail         |    20 |    13 ||    33
Dodge: Dodged            |    60 |    16 ||    76
       Rpst.: Falchion   |    20 |     5 ||    25

Table legend:
 A = Non-vault XP
 B = Vault XP
 C = Vault XP percentage of total XP
 D = Non-vault monster count
 E = Vault monster count
 F = Vault count percentage of total count
                 A         B        C        D         E       F
            +---------+---------+-------+---------+---------+-------
      Total |      96 |      24 |  20.0 |      39 |       6 |  13.3
            +---------+---------+-------+---------+---------+-------
        D:1 |      22 |       0 |   0.0 |      13 |       0 |   0.0
        D:2 |      55 |      24 |  30.4 |      22 |       6 |  21.4
        D:3 |      19 |       0 |   0.0 |       4 |       0 |   0.0
            +---------+---------+-------+---------+---------+-------
